 Dungeon Crawl Stone Soup version 0.31.0-32-g396128a36d (webtiles) character file.

Game seed: 102919340867937953

277 RosemaryViolet the Ruffian (level 6, -11/61 HPs)
             Began as a Troll Berserker on Mar 26, 2024.
             Was a Believer of Trog.
             Mangled by a black mamba (shapeshifter) (12 damage)
             ... on level 1 of the Abyss.
             The game lasted 00:12:13 (2676 turns).

RosemaryViolet the Ruffian (Troll Berserker)        Turns: 2676, Time: 00:12:13

Health: -11/61     AC:  4    Str: 28    XL:     6   Next: 4%
Magic:  5/5        EV: 10    Int:  3    God:    Trog [**....]
Gold:   159        SH:  0    Dex:  9    Spells: 5/5 levels left

rFire   + .          .
                       - Unarmed
rCold   . . .        (no shield)
rNeg    . . .        a - +0 animal skin
rPois   .            (helmet restricted)
rElec   .            (no cloak)
rCorr   .            (gloves unavailable)
SInv    .            (boots unavailable)
Will    .....        (no amulet)
Stlth   +            l - ring of protection from fire
HPRegen 1.10/turn    (no ring)
MPRegen 0.09/turn

%: no passive effects
@: lethally poisoned (-11 -> -32)
A: large, unfitting armour, claws 3, regeneration 1, shaggy fur 1, tough skin 1
a: Renounce Religion, Berserk, Trog's Hand


You were on level 1 of the Abyss.
You worshipped Trog.
Trog was pleased with you.
You visited 1 branch of the dungeon, and saw 3 of its levels.
You visited the Abyss 1 time.

You collected 159 gold pieces.

Inventory:

Missiles
 d - 18 poisoned darts (quivered)
 h - 8 stones
Armour
 a - a +0 animal skin (worn)
Jewellery
 j - a ring of poison resistance
 l - a ring of protection from fire (left claw)
Talismans
 i - a flux talisman
Scrolls
 k - a scroll of immolation
 m - 2 scrolls of teleportation
Potions
 b - a potion of heal wounds {unknown}
 c - a potion of haste {unknown}
 e - 2 potions of curing {unknown}
 f - 2 potions of attraction {unknown}
 g - a potion of resistance {unknown}
 n - a potion of invisibility {unknown}


   Skills:
 + Level 3.5 Fighting
 + Level 2.2 Throwing
 + Level 3.5 Dodging
 + Level 4.3 Unarmed Combat


You had 5 spell levels left.
You didn't know any spells.
Your spell library was empty.

Dungeon Overview and Level Annotations

Branches:
Dungeon (3/15)

Altars:
Makhleb
Lugonu

Portals:
Abyss: D:3


Innate Abilities, Weirdness & Mutations

You are too large for most types of armour.
You have claws for hands.
Your natural rate of healing is unusually fast.
You are covered in fur. (AC +1)
You have tough skin. (AC +1)


Message History

o - a scroll labelled BOXODY NYINTI
There is a one-way gate to the infinite horrors of the Abyss here.
As you read the scroll labelled BOXODY NYINTI, it crumbles to dust.
It is a scroll of amnesia.
You feel forgetful for a moment.
You start waiting.
Done waiting.
You start waiting.
Done waiting.
You start waiting.
Done waiting.
You start waiting.
Done waiting.
This branch contains the abyssal rune of Zot.
Found a gateway leading deeper into the Abyss.
There is a gateway leading deeper into the Abyss here.
Something hits you.
Deactivating autopickup; reactivate with Ctrl-A.
You scratch something but do no damage. Something hits you. Something hits you.
Something hits you. Something hits you. Something hits you. Something hits you!
Something hits you. x2
A black mamba appears out of thin air!
Reactivating autopickup.
The black mamba barely misses you. The black mamba bites you!
You miss the black mamba. The black mamba bites you!
* * * LOW HITPOINT WARNING * * *
You are poisoned.
The black mamba poisons you! The black mamba bites you!
* * * LOW HITPOINT WARNING * * *
You are more poisoned.
The black mamba poisons you!
You closely miss the black mamba. Your claw misses the black mamba.
* * * LOW HITPOINT WARNING * * *
You feel extremely sick. The black mamba bites you!
You die...

#.... .. .#
. #.# ###
.# ##.
####.##.
#..........
#..##.##..#
##.##.##..#
#.##.##..#
#...@S...#
#.#.###..#
# ###.#..#
#. ......#
######...#
.......
###...##
..... #. .#


You could see a black mamba.

Vanquished Creatures
  Sigmund (D:2)
  Natasha (D:2)
  2 adders (D:2)
  4 dart slugs
  An orc (D:3)
  7 endoplasms
  A giant cockroach (D:1)
  6 goblins
  6 hobgoblins
  7 jackals
  5 ball pythons
  5 bats
  A frilled lizard (D:1)
  14 kobolds
  4 rats
65 creatures vanquished.

Notes
Turn   | Place    | Note
-------+----------+-------------------------------------------
     0 | D:1      | RosemaryViolet the Troll Berserker began the quest for the
                  | Orb.
     0 | D:1      | Reached XP level 1. HP: 22/22 MP: 0/0
   181 | D:1      | Reached XP level 2. HP: 29/29 MP: 1/1
   491 | D:1      | Reached ** piety under Trog
   588 | D:1      | Reached XP level 3. HP: 36/36 MP: 2/2
  1362 | D:2      | Noticed Sigmund
  1362 | D:2      | Noticed Natasha
  1369 | D:2      | Killed Sigmund
  1370 | D:2      | Reached skill level 1 in Throwing
  1370 | D:2      | Reached skill level 4 in Unarmed Combat
  1370 | D:2      | Reached XP level 4. HP: 26/45 MP: 3/3
  1370 | D:2      | Reached XP level 5. HP: 31/53 MP: 4/4
  1373 | D:2      | Killed Natasha
  1440 | D:2      | Found a burning altar of Makhleb.
  1654 | D:3      | Found a one-way gate to the infinite horrors of the Abyss.
  1897 | D:3      | Reached XP level 6. HP: 61/61 MP: 5/5
  2165 | D:3      | Found a large runed translucent door.
  2166 | D:3      | Found a large runed translucent door.
  2175 | D:3      | Found a corrupted altar of Lugonu.
  2613 | D:3      | Voluntarily entered the Abyss.
  2672 | Abyss:1  | Noticed a black mamba
  2676 | Abyss:1  | HP: 1/61 [poisoned by a black mamba]
  2676 | Abyss:1  | Mangled by a black mamba (shapeshifter)

Illustrated notes

Levels and vault maps discovered:
D:1:      wander_arrival_desolate, layout_basic, minmay_cupped
D:2:      layout_basic, basic_altar, kennysheep_generic_room_16, uniq_sigmund,
          uniq_natasha
D:3:      due_chaos_kobolds, layout_loops_corners,
          gammafunk_temple_overflow_elements
Abyss:1:  base:
D:3

Skill      XL: |  1  2  3  4  5 |
---------------+----------------+-----
Fighting       | 3 |  3.5
Throwing       | 1 2 |  2.2
Dodging        | 3 |  3.5
Unarmed Combat | 4 |  4.3

Action                     |  1- 3 |  4- 6 || total
---------------------------+-------+-------++-------
  Melee: Unarmed           |    78 |    56 ||   134
         Punch             |     1 |       ||     1
  Throw: Dart              |     3 |       ||     3
 Invoke: Berserk           |     2 |       ||     2
         Trog's Hand       |     1 |       ||     1
    Use: Scroll            |     5 |     2 ||     7
 Armour: Animal skin       |    72 |    57 ||   129
  Dodge: Dodged            |    54 |    40 ||    94
